 Dungeon Crawl Stone Soup version 0.30-a0-586-g23e55c9e0a (webtiles) character file.

Game seed: 10098546766981872715

191 cforsyth the Ruffian (level 5, 0/48 HPs)
             Began as a Ghoul Monk on Jan 3, 2023.
             Killed by divine providence
             ... invoked by an orc priest
              (13 damage)
             ... on level 4 of the Dungeon.
             The game lasted 00:05:21 (2821 turns).

cforsyth the Ruffian (Ghoul Monk)                   Turns: 2821, Time: 00:05:21

Health: 0/48       AC: 11    Str: 17    XL:     5   Next: 70%
Magic:  4/4        EV:  5    Int:  5    God:
Gold:   86         SH:  0    Dex: 11    Spells: 4/4 levels left

rFire   . . .      SeeInvis .      - Unarmed
rCold   + . .      Faith    .    (no shield)
rNeg    + + +      Spirit   .    m - +0 plate armour
rPois   ∞          Reflect  .    (no helmet)
rElec   .          Harm     .    (no cloak)
rCorr   .          Rampage  .    f - +0 pair of gloves
Will    .....                    (no boots) Stlth
                                 (no amulet)
HPRegen 0.00/turn                (no ring)
MPRegen 0.09/turn                (no ring)

@: inhibited regen
A: claws 1, cold resistance 1, negative energy resistance 3, inhibited
regeneration, torment resistance 2, devour on kill
a: no special abilities


You were on level 4 of the Dungeon.
You visited 1 branch of the dungeon, and saw 4 of its levels.

You collected 86 gold pieces.

Inventory:

Armour
 f - a +0 pair of gloves (worn)
 m - a +0 plate armour (worn)
Scrolls
 b - a scroll of teleportation {unknown}
 d - a scroll of fear {unknown}
 e - a scroll of noise {unknown}
 g - 2 scrolls of immolation
 j - a scroll of magic mapping
 k - a scroll of identify
 l - a scroll of enchant weapon {unknown}
 o - a scroll of butterflies {unknown}
 q - a scroll of poison {unknown}
 r - a scroll of blinking {unknown}
Potions
 a - a potion of curing
 c - a potion of haste {unknown}
 h - a potion of mutation {unknown}
 i - a potion of attraction {unknown}
 n - a potion of flight {unknown}
 p - a potion of lignification


   Skills:
 + Level 5.1 Fighting
 + Level 1.4 Armour
 - Level 2.6 Dodging
 - Level 2.1 Stealth
 + Level 5.1 Unarmed Combat


You had 4 spell levels left.
You didn't know any spells.
Your spell library was empty.

Dungeon Overview and Level Annotations

Branches:
Dungeon (4/15)
 Temple: D:4-7

Altars:
Nemelex Xobeh


Innate Abilities, Weirdness & Mutations

You are immune to poison.
You have sharp fingernails.
Your flesh is cold resistant. (rC+)
You are immune to negative energy. (rN+++)
You do not regenerate when monsters are visible.
You are immune to unholy pain and torment.
You thrive by killing the living.


Message History

The orc is severely wounded.
You completely miss the orc.
The orc is severely wounded.
The orc hits you but does no damage.
You hit the orc but do no damage. You punch the orc.
You kill the orc!
You closely miss the orc priest.
The orc priest hits you with a +0 hand axe.
You hit the orc priest.
The orc priest is moderately wounded.
The orc priest barely misses you.
You hit the orc priest.
The orc priest is heavily wounded.
The orc priest hits you with a +0 hand axe.
You barely miss the orc priest.
The orc priest is heavily wounded.
The orc priest hits you but does no damage.
You hit the orc priest but do no damage.
The orc priest is heavily wounded.
The orc priest hits you with a +0 hand axe.
You hit the orc priest.
The orc priest is almost dead.
The orc priest hits you with a +0 hand axe.
You closely miss the orc priest.
The orc priest is almost dead.
The orc priest calls down the wrath of Beogh upon you.
Beogh smites you!
* * * LOW HITPOINT WARNING * * *
You are too injured to fight recklessly!
You are too injured to fight recklessly!
You are too injured to fight recklessly!
You are too injured to fight recklessly!
You are too injured to fight recklessly!
You barely miss the orc priest.
The orc priest is almost dead.
You hit the orc priest but do no damage.
The orc priest is almost dead.
The orc priest invokes the aid of Beogh against you.
Beogh smites you!
You die...

*.# *,* *,,,,*
######.#****,* *,,,,***
#......#*,,,,***,,,,,,,
#......#*,,,,,,,,,,,,,,
#......#*,..##***,,,,,,
#..†...#,.....,,,,,,,,,
#......#,.....,,,,,,,,,
##.....#......,,,,,,,,,
#...)@#......,,,,,,,,,
#...o##....#<,*+*,,,,,
#......>.....,,,+,,,,,
#........#.#.##,#,,,,,
#.....#..#.#,.#.#,,,,,
*****##......o.#.#.....,,,,,
*,,............#.#....,,,,,,
**,#####.#............,,,,,,
*,****##......o.#...,,,,,,,


You could see an orc priest.

Vanquished Creatures
  A hound (D:4)
  6 gnolls
  3 adders
  A worm (D:3)
  2 dart slugs
  4 orcs
  10 bats
  4 endoplasms
  6 giant cockroaches
  5 hobgoblins
  4 kobolds
  A quokka (D:1)
  10 ball pythons
  5 frilled lizards
  2 goblins
  9 rats
73 creatures vanquished.

Vanquished Creatures (others)
  4 fungi (D:3)
  9 plants (D:3)
13 creatures vanquished.

Grand Total: 86 creatures vanquished

Notes
Turn   | Place    | Note
-------+----------+-------------------------------------------
     0 | D:1      | cforsyth the Ghoul Monk began the quest for the Orb.
     0 | D:1      | Reached XP level 1. HP: 19/19 MP: 0/0
   186 | D:1      | Reached XP level 2. HP: 19/26 MP: 1/1
   831 | D:2      | Reached XP level 3. HP: 33/33 MP: 2/2
  1020 | D:2      | Found a sparkling altar of Nemelex Xobeh.
  1343 | D:1      | Reached XP level 4. HP: 35/41 MP: 3/3
  1844 | D:3      | Identified the +1 leather armour "Loilaf" {Will+}
  2348 | D:3      | Reached XP level 5. HP: 40/47 MP: 4/4
  2410 | D:3      | Reached skill level 1 in Armour
  2639 | D:3      | Reached skill level 5 in Unarmed Combat
  2664 | D:3      | Found a faded altar of an unknown god.
  2769 | D:4      | Reached skill level 5 in Fighting
  2821 | D:4      | Killed from afar by an orc priest

Illustrated notes

Levels and vault maps discovered:
D:1:      heliophobic_arrival_henge, layout_basic, kennysheep_small_spiral
D:2:      layout_rooms, basic_altar, kennysheep_generic_room_10
D:3:      layout_rooms, shapermc_ecumenical_altar_mp_urbaneastern,
          kennysheep_generic_room_14
D:4:      layout_basic, gup_sewer_entry_bubbles, serial_shops, shop_coins,
          uniq_robin

Skill      XL: |  1  2  3  4  5 |
---------------+----------------+-----
Unarmed Combat | 4 5 |  5.1
Fighting       | 4 5 |  5.1
Armour         | 1 |  1.4
Dodging        | |  2.6
Stealth        | |  2.1

Action                   |  1- 3 |  4- 6 || total
-------------------------+-------+-------++-------
Melee: Unarmed           |   124 |   141 ||   265
       Punch             |     2 |     7 ||     9
  Use: Potion            |       |     2 ||     2
       Scroll            |       |     3 ||     3
 Stab: Sleeping          |     9 |     1 ||    10
Armor: Robe              |    23 |     1 ||    24
       Plate armour      |       |    95 ||    95
Dodge: Dodged            |    82 |    40 ||   122

Table legend: (Time is in decaauts)
 A = Elapsed time spent in this place.
 B = Non-inter-level travel time spent in this place.
 C = Inter-level travel time spent in this place.
 D = Time resting spent in this place.
 E = Time spent auto-exploring this place.
 F = Levels seen in this place.
 G = Mean time per level.
                   A        B        C        D        E       F      G
               +--------+--------+--------+--------+--------+-----+--------+
         Total |   2801 |   2744 |     57 |    742 |   1347 |   4 |  700.2 |
       Dungeon |   2801 |   2744 |     57 |    742 |   1347 |   4 |  700.2 |
               +--------+--------+--------+--------+--------+-----+--------+

Top non-repeatable levels by time:
     D:2: 1072 daAuts
     D:1: 1053 daAuts
     D:3: 609 daAuts
     D:4: 66 daAuts
